[Event "7. Arber-Senioren-Cup 2019"]
[Site "Bodenmais"]
[Date "2019.07.27"]
[Round "1.8"]
[White "Zwetz, Anita"]
[Black "Herbold, Manfred"]
[Result "0-1"]
[ECO "A40"]
[WhiteElo "1828"]
[BlackElo "2081"]
[Annotator "NA RC"]
[PlyCount "108"]
[EventDate "2019.07.27"]
[EventType "swiss"]
[EventCountry "GER"]
[SourceTitle "playchess.com"]
[Source "ChessBase"]
[SourceQuality "1"]
[TimeControl "5400+30"]

1. d4 g6 2. Nf3 Bg7 3. Bg5 c5 4. e3 Qb6 5. Nc3 Nf6 6. Bxf6 Qxf6 7. Nd5 Qd6 8. dxc5 Qxc5 9. c3 e6 10. Nf4 d5 11. Be2 Nd7 12. h4 h6 13. Qc2 e5 14. Nh3 Nb6 15. Nd2 Be6 16. Nb3 Qc7 17. Bb5+ Nd7 18. O-O-O O-O-O 19. f3 a6 20. Be2 Qb6 21. e4 dxe4 22. fxe4 Kb8 23. Bf3 Rc8 24. Nf2 h5 25. Kb1 a5 26. Nd3 Rc7 27. Ka1 Rhc8 28. Rb1 Bf8 29. Nd2 Qa6 30. Rhd1 a4 31. Be2 Qa5 32. Rbc1 f6 33. Rf1 Be7 34. Nb1 Nb6 35. Bd1 Bb3 36. Qe2 Bc4 37. Bc2 Bb5 38. Rf3 Nc4 39. Qe1 Bc6 40. Nb4 Qb6 41. b3 Na5 42. Nxc6+ Qxc6 43. bxa4 Nc4 44. Bb3 Nd6 45. Nd2 f5 46. exf5 e4 47. Re3 gxf5 48. Qg3 Qc5 49. Ree1 Bf6 50. Nb1 Be5 51. Qg5 Qa5 52. Qd2 Rxc3 53. Nxc3 Rxc3 54. Kb1 Rxb3+ 0-1

[Event "7. Arber-Senioren-Cup 2019"]
[Site "Bodenmais"]
[Date "2019.07.27"]
[Round "1.9"]
[White "Kuempers, Ulrich"]
[Black "Meckel, Helmut"]
[Result "1-0"]
[ECO "A40"]
[WhiteElo "2030"]
[BlackElo "1804"]
[Annotator "NA RC"]
[PlyCount "53"]
[EventDate "2019.07.27"]
[EventType "swiss"]
[EventCountry "GER"]
[SourceTitle "playchess.com"]
[Source "ChessBase"]
[SourceQuality "1"]
[TimeControl "5400+30"]

1. d4 e6 2. c4 f5 3. Nf3 Nf6 4. Nc3 Be7 5. Bf4 d6 6. e3 O-O 7. h3 Qe8 8. Bd3 Qh5 9. Qe2 Bd7 10. O-O-O Bc6 11. d5 exd5 12. cxd5 Bd7 13. g4 Qf7 14. Ng5 Qg6 15. Rdg1 Ne8 16. gxf5 Bxf5 17. e4 Bd7 18. Be3 Bxg5 19. Rxg5 Qf6 20. f4 h6 21. e5 dxe5 22. Rg6 Qe7 23. Qh5 exf4 24. Bd4 Qf7 25. Qxh6 Bf5 26. Bxf5 Qxf5 27. Rxg7+ 1-0

[Event "7. Arber-Senioren-Cup 2019"]
[Site "Bodenmais"]
[Date "2019.07.27"]
[Round "1.10"]
[White "Boldt, Heinrich"]
[Black "Korte, Markus"]
[Result "1/2-1/2"]
[ECO "D02"]
[WhiteElo "1803"]
[BlackElo "2028"]
[Annotator "NA RC"]
[PlyCount "90"]
[EventDate "2019.07.27"]
[EventType "swiss"]
[EventCountry "GER"]
[SourceTitle "playchess.com"]
[Source "ChessBase"]
[SourceQuality "1"]
[TimeControl "5400+30"]

1. d4 d5 2. Bf4 Nf6 3. Nf3 Bf5 4. e3 e6 5. Bd3 Ne4 6. O-O Nd7 7. Ne5 Be7 8. f3 Nd6 9. Bxf5 exf5 10. Nc3 c6 11. Qd3 O-O 12. Nxd7 Qxd7 13. Rae1 Nc4 14. Nd1 Bd6 15. b3 Bxf4 16. exf4 Nd6 17. Re3 Rfe8 18. Rfe1 Rxe3 19. Rxe3 Re8 20. Qe2 Kf8 21. Rxe8+ Nxe8 22. Qe5 Nd6 23. Kf2 b6 24. a4 f6 25. Qe2 Kf7 26. Qd3 g6 27. Nc3 Ne8 28. g3 Nc7 29. Na2 Qd6 30. Qc3 c5 31. Nc1 Ne6 32. dxc5 bxc5 33. Nd3 Qb6 34. Kg2 Kg7 35. h4 Qc7 36. Kf2 Qe7 37. Qe1 c4 38. bxc4 dxc4 39. Qb4 Qc7 40. Nb2 Qd7 41. Qxc4 Qd2+ 42. Qe2 Qd4+ 43. Kf1 Qxb2 44. Qxe6 Qa1+ 45. Qe1 Qxa4 1/2-1/2

[Event "7. Arber-Senioren-Cup 2019"]
[Site "Bodenmais"]
[Date "2019.07.27"]
[Round "1.11"]
[White "Augustin, Christian"]
[Black "Schuster, Herbert"]
[Result "1-0"]
[ECO "D02"]
[WhiteElo "1971"]
[BlackElo "1774"]
[Annotator "NA RC"]
[PlyCount "65"]
[EventDate "2019.07.27"]
[EventType "swiss"]
[EventCountry "GER"]
[SourceTitle "playchess.com"]
[Source "ChessBase"]
[SourceQuality "1"]
[TimeControl "5400+30"]

1. d4 d5 2. Nf3 Bf5 3. e3 e6 4. c4 Bb4+ 5. Nc3 c6 6. cxd5 Bxc3+ 7. bxc3 exd5 8. Bd3 Bxd3 9. Qxd3 Nd7 10. O-O Ne7 11. Rb1 b5 12. e4 Nf6 13. exd5 Qxd5 14. Re1 Qd8 15. Ba3 Nfd5 16. Qe4 Kf8 17. Rb2 b4 18. Bxb4 Nxb4 19. Rxb4 Qc7 20. Reb1 f6 21. Rb7 Qd6 22. c4 Re8 23. Re1 c5 24. d5 g6 25. Qe6 Qxe6 26. Rxe6 Ng8 27. Rxe8+ Kxe8 28. Rxa7 Kd8 29. d6 Kc8 30. d7+ Kd8 31. Nd2 Ke7 32. Ne4 f5 33. Nxc5 1-0

[Event "7. Arber-Senioren-Cup 2019"]
[Site "Bodenmais"]
[Date "2019.07.27"]
[Round "1.12"]
[White "Kirschner, Torsten"]
[Black "Benischek, Wolfgang"]
[Result "1-0"]
[ECO "E01"]
[WhiteElo "1767"]
[BlackElo "2022"]
[Annotator "NA RC"]
[PlyCount "99"]
[EventDate "2019.07.27"]
[EventType "swiss"]
[EventCountry "GER"]
[SourceTitle "playchess.com"]
[Source "ChessBase"]
[SourceQuality "1"]
[TimeControl "5400+30"]

1. d4 d5 2. c4 e6 3. g3 Nf6 4. Bg2 b6 5. Nf3 Nbd7 6. O-O Bb7 7. Nc3 Be7 8. Bf4 Nh5 9. Bd2 O-O 10. cxd5 exd5 11. Re1 Nhf6 12. Qc2 c5 13. Rad1 Rc8 14. Qf5 g6 15. Qb1 Re8 16. Bf4 Nh5 17. Bh6 Bf6 18. g4 Bg7 19. Bxg7 Nxg7 20. dxc5 Nxc5 21. Nb5 Qd7 22. Nc3 Qxg4 23. Nxd5 Bxd5 24. Rxd5 Nce6 25. Ne5 Qh4 26. Nf3 Qc4 27. Ne5 Qc2 28. e3 Nh5 29. Rd7 Qxb1 30. Rxb1 Nc5 31. Rxf7 Rxe5 32. Rxa7 Nd3 33. Rd7 Rc1+ 34. Rxc1 Nxc1 35. b4 Ne2+ 36. Kf1 Nc3 37. Rd3 Na4 38. Bd5+ Kg7 39. Bb3 b5 40. Rd7+ Kh6 41. Ke2 Nf6 42. Rb7 Nd5 43. Kd2 Nf6 44. h3 Ne4+ 45. Ke2 Rf5 46. f4 g5 47. Bc2 Nac3+ 48. Kf3 Nd2+ 49. Kg4 Nde4 50. Rb6+ 1-0

[Event "7. Arber-Senioren-Cup 2019"]
[Site "Bodenmais"]
[Date "2019.07.27"]
[Round "1.13"]
[White "Greul, Hans"]
[Black "Riha, Peter"]
[Result "1/2-1/2"]
[ECO "A47"]
[WhiteElo "2009"]
[BlackElo "1720"]
[Annotator "NA RC"]
[PlyCount "172"]
[EventDate "2019.07.27"]
[EventType "swiss"]
[EventCountry "GER"]
[SourceTitle "playchess.com"]
[Source "ChessBase"]
[SourceQuality "1"]
[TimeControl "5400+30"]

1. d4 Nf6 2. Nf3 b6 3. e3 Bb7 4. Be2 e6 5. O-O c5 6. c4 Be7 7. Nc3 Ne4 8. Nxe4 Bxe4 9. b3 O-O 10. Bb2 Bf6 11. Qd2 d6 12. Rfd1 Qe7 13. Ne1 Bb7 14. Rab1 Rd8 15. dxc5 bxc5 16. b4 Bxb2 17. Rxb2 Na6 18. b5 Nc7 19. b6 axb6 20. Rxb6 Ne8 21. Rdb1 Be4 22. R1b2 Qc7 23. R6b3 Rdb8 24. Rxb8 Rxb8 25. Rxb8 Qxb8 26. a4 Kf8 27. f3 Bc6 28. Bd1 Qa7 29. Qc2 g6 30. Nd3 Ke7 31. h4 Nc7 32. Qc3 Qb8 33. Bc2 Na6 34. h5 Nb4 35. hxg6 hxg6 36. Nxb4 Qxb4 37. Qxb4 cxb4 38. Kf2 Kd7 39. Ke2 Kc7 40. a5 Kb7 41. Bd3 Ka6 42. c5+ Kxa5 43. cxd6 Kb6 44. e4 e5 45. Bc4 Be8 46. Bb3 Kc5 47. Bxf7 Bb5+ 48. Kd2 g5 49. Kc2 Kxd6 50. Kd2 Kc5 51. g3 Bc4 52. Be8 Kd4 53. Ba4 Ba2 54. Kc2 Ke3 55. Kb2 b3 56. f4 Kxe4 57. Bc6+ Kf5 58. Bd7+ Kf6 59. f5 g4 60. Be6 e4 61. Kc3 Ke5 62. Kd2 Kf6 63. Ke3 Kg5 64. Kd4 Bb1 65. Bxb3 Kxf5 66. Ba4 Bd3 67. Bd7+ Kg5 68. Ke3 Bb1 69. Bb5 Bc2 70. Be2 Bb1 71. Kd2 Kf5 72. Bc4 Kg5 73. Kc1 Bd3 74. Bxd3 exd3 75. Kd2 Kf5 76. Kxd3 Ke5 77. Ke3 Kf5 78. Kd4 Kg5 79. Ke5 Kh5 80. Kf5 Kh6 81. Kxg4 Kg6 82. Kf4 Kf6 83. g4 Kg7 84. g5 Kf7 85. Kf5 Kg7 86. g6 Kg8 1/2-1/2

[Event "7. Arber-Senioren-Cup 2019"]
[Site "Bodenmais"]
[Date "2019.07.27"]
[Round "1.14"]
[White "Wacker, Manfred"]
[Black "Hamlack, Heinz"]
[Result "0-1"]
[ECO "A44"]
[WhiteElo "1741"]
[BlackElo "1986"]
[Annotator "NA RC"]
[PlyCount "88"]
[EventDate "2019.07.27"]
[EventType "swiss"]
[EventCountry "GER"]
[SourceTitle "playchess.com"]
[Source "ChessBase"]
[SourceQuality "1"]
[TimeControl "5400+30"]

1. d4 c5 2. d5 e5 3. e4 d6 4. c4 Be7 5. Bd3 Bg5 6. Nf3 Bxc1 7. Qxc1 Ne7 8. Qg5 Ng6 9. Qxd8+ Kxd8 10. g3 Ke7 11. Nbd2 a6 12. a4 a5 13. O-O-O Na6 14. Rde1 Nb4 15. Bb1 Bd7 16. b3 Raf8 17. h4 Kd8 18. Re3 Ne7 19. Rh2 h6 20. Ne1 f5 21. exf5 Nxf5 22. Bxf5 Bxf5 23. Ne4 Kd7 24. Kd2 Rf7 25. Nd3 Nxd3 26. Kxd3 Rhf8 27. Ke2 Bg4+ 28. Kd2 Rf3 29. Rc3 Ke7 30. Ke1 Rxc3 31. Nxc3 Rf3 32. Kd2 Bf5 33. g4 Rd3+ 34. Ke2 Bg6 35. h5 Rxc3 36. hxg6 Rxb3 37. Rh5 Kf6 38. f4 exf4 39. Rf5+ Kxg6 40. Rxf4 h5 41. gxh5+ Kxh5 42. Rf7 g5 43. Rf3 Rxf3 44. Kxf3 Kh4 0-1

[Event "7. Arber-Senioren-Cup 2019"]
[Site "Bodenmais"]
[Date "2019.07.27"]
[Round "1.15"]
[White "Godoj, Veit"]
[Black "Moser, Andreas"]
[Result "1-0"]
[ECO "B07"]
[WhiteElo "1995"]
[BlackElo "1693"]
[Annotator "NA RC"]
[PlyCount "129"]
[EventDate "2019.07.27"]
[EventType "swiss"]
[EventCountry "GER"]
[SourceTitle "playchess.com"]
[Source "ChessBase"]
[SourceQuality "1"]
[TimeControl "5400+30"]

1. d4 Nf6 2. Nc3 g6 3. e4 d6 4. Be2 Bg7 5. g4 h6 6. Be3 c6 7. h3 Qa5 8. Qd2 b5 9. Bf3 Bb7 10. Nge2 b4 11. Nd1 c5 12. d5 Nbd7 13. Bg2 Ne5 14. O-O Nc4 15. Qc1 Nxe3 16. Nxe3 Ba6 17. Re1 Bxe2 18. Rxe2 Nd7 19. f4 Rb8 20. Bf1 O-O 21. Nc4 Qc7 22. Kh1 a5 23. Rb1 Ra8 24. Qe3 Nb6 25. Rg2 Nxc4 26. Bxc4 f6 27. h4 Kh8 28. Qd3 Qc8 29. f5 g5 30. Rh2 a4 31. Kg2 b3 32. cxb3 a3 33. bxa3 Rxa3 34. Qd2 Qa8 35. Rb2 Qa5 36. Qxa5 Rxa5 37. a4 Rb8 38. Kf3 Ra7 39. Bb5 Kh7 40. Ke3 Kg8 41. Kd3 Kf8 42. Kc4 Kf7 43. Ra2 Rh8 44. h5 Rc8 45. Rhc2 Ra5 46. b4 Ra7 47. bxc5 Rcc7 48. Kb4 Bf8 49. cxd6 exd6 50. Rc6 Be7 51. Rac2 Bd8 52. R2c4 Ke7 53. Rxc7+ Bxc7 54. Bc6 Bb6 55. Rc2 Bc5+ 56. Rxc5 dxc5+ 57. Kxc5 Kd8 58. Kd6 Re7 59. a5 Rxe4 60. a6 Re7 61. Bb7 Rd7+ 62. Kc6 Rc7+ 63. Kb6 Rc1 64. a7 Rb1+ 65. Kc6 1-0

[Event "7. Arber-Senioren-Cup 2019"]
[Site "Bodenmais"]
[Date "2019.07.27"]
[Round "1.16"]
[White "Loibl, Johann"]
[Black "Kurka, Dieter"]
[Result "0-1"]
[ECO "B20"]
[WhiteElo "1760"]
[BlackElo "2006"]
[Annotator "NA RC"]
[PlyCount "57"]
[EventDate "2019.07.27"]
[EventType "swiss"]
[EventCountry "GER"]
[SourceTitle "playchess.com"]
[Source "ChessBase"]
[SourceQuality "1"]
[TimeControl "5400+30"]

1. e4 c5 2. b4 cxb4 3. a3 e6 4. axb4 Bxb4 5. c3 Be7 6. d4 d6 7. Nf3 Nd7 8. Bb5 Ngf6 9. Nbd2 O-O 10. O-O a6 11. Qc2 Rb8 12. Bd3 e5 13. Nc4 b5 14. Ne3 g6 15. Ba3 Re8 16. Rfb1 Bb7 17. Ng5 d5 18. exd5 Nxd5 19. Nh3 N7b6 20. Qd2 Bf6 21. Bb4 Nxc3 22. Bxc3 exd4 23. Ng4 dxc3 24. Qc2 Bg7 25. f4 Qd4+ 26. Kh1 Nd5 27. f5 Qxg4 28. fxg6 hxg6 29. Rf1 0-1

[Event "7. Arber-Senioren-Cup 2019"]
[Site "Bodenmais"]
[Date "2019.07.27"]
[Round "1.17"]
[White "Puehn, Georg"]
[Black "Otto, Klaus"]
[Result "1-0"]
[ECO "C00"]
[WhiteElo "1990"]
[BlackElo "1725"]
[Annotator "NA RC"]
[PlyCount "91"]
[EventDate "2019.07.27"]
[EventType "swiss"]
[EventCountry "GER"]
[SourceTitle "playchess.com"]
[Source "ChessBase"]
[SourceQuality "1"]
[TimeControl "5400+30"]

1. e4 e6 2. d3 Nf6 3. Nf3 d5 4. Nbd2 c5 5. g3 Nc6 6. Bg2 Be7 7. O-O dxe4 8. dxe4 O-O 9. c3 Nd7 10. Re1 Nde5 11. Qe2 Nd3 12. Rd1 Nxc1 13. Raxc1 Qc7 14. e5 Rd8 15. Nc4 b6 16. Rxd8+ Bxd8 17. Nd6 Rb8 18. Nxc8 Rxc8 19. Re1 Be7 20. Nd2 Rd8 21. f4 Qd7 22. Ne4 Nb8 23. Qg4 Kh8 24. h4 Qe8 25. Rd1 Rxd1+ 26. Qxd1 Qd8 27. Qxd8+ Bxd8 28. Nd6 Kg8 29. Kf2 Kf8 30. Be4 h6 31. Bb7 Bc7 32. Nb5 Bd8 33. Nxa7 Ke7 34. Nc6+ Nxc6 35. Bxc6 f6 36. Kf3 Bc7 37. Ke4 f5+ 38. Kf3 Kf7 39. h5 Ke7 40. Ke3 Kd8 41. Kd3 Kc8 42. Kc4 Bd8 43. Kb5 Kc7 44. a4 Be7 45. Bg2 Bf8 46. Bf1 1-0

[Event "7. Arber-Senioren-Cup 2019"]
[Site "Bodenmais"]
[Date "2019.07.27"]
[Round "1.18"]
[White "Trinkl, Andreas"]
[Black "Nickl, Klaus"]
[Result "0-1"]
[ECO "C10"]
[WhiteElo "1620"]
[BlackElo "1988"]
[Annotator "NA RC"]
[PlyCount "118"]
[EventDate "2019.07.27"]
[EventType "swiss"]
[EventCountry "GER"]
[SourceTitle "playchess.com"]
[Source "ChessBase"]
[SourceQuality "1"]
[TimeControl "5400+30"]

1. e4 e6 2. d4 d5 3. Nd2 dxe4 4. Nxe4 Nd7 5. Nf3 Ngf6 6. Ng3 c5 7. c3 cxd4 8. cxd4 Bb4+ 9. Bd2 Qa5 10. Bd3 Bxd2+ 11. Qxd2 Qxd2+ 12. Nxd2 b6 13. Nge4 Ke7 14. O-O Bb7 15. f3 Rac8 16. Rac1 Nd5 17. Rfe1 Nf4 18. Bf1 f5 19. Nc3 Nf6 20. g3 N4d5 21. Nxd5+ Nxd5 22. a3 g5 23. Bd3 Rxc1 24. Rxc1 Rc8 25. Rxc8 Bxc8 26. Kf2 Nc7 27. Ke3 Bb7 28. Nb1 Nd5+ 29. Kf2 h6 30. Nd2 Nf6 31. Ke3 f4+ 32. Kf2 Nd5 33. Nf1 Kf6 34. g4 e5 35. dxe5+ Kxe5 36. Ke2 Kd4 37. Nd2 Ne3 38. Nb3+ Ke5 39. Nd2 Bd5 40. Be4 Bxe4 41. Nxe4 Nc4 42. b3 Nxa3 43. Nc3 Nc2 44. Kf2 a5 45. Na4 b5 46. Nc3 Nd4 47. h4 b4 48. Ne4 Nxb3 49. hxg5 hxg5 50. Nxg5 Nc5 51. Ke2 b3 52. Kd2 a4 53. Kc3 a3 54. Nf7+ Ke6 55. Ng5+ Kf6 56. Ne4+ Nxe4+ 57. Kxb3 Nd2+ 58. Kxa3 Nxf3 59. Kb2 Kg5 0-1

[Event "7. Arber-Senioren-Cup 2019"]
[Site "Bodenmais"]
[Date "2019.07.27"]
[Round "1.19"]
[White "Limberg, Siegfried"]
[Black "Sagner, Guenter"]
[Result "1-0"]
[ECO "D05"]
[WhiteElo "1983"]
[BlackElo "1696"]
[Annotator "NA RC"]
[PlyCount "32"]
[EventDate "2019.07.27"]
[EventType "swiss"]
[EventCountry "GER"]
[SourceTitle "playchess.com"]
[Source "ChessBase"]
[SourceQuality "1"]
[TimeControl "5400+30"]

1. d4 Nf6 2. Nf3 e6 3. e3 c5 4. Bd3 d5 5. c3 Nc6 6. Nbd2 Qc7 7. O-O e5 8. e4 exd4 9. cxd4 cxd4 10. exd5 Nxd5 11. Nb3 Bg4 12. Qe1+ Be7 13. Nfxd4 O-O 14. Nxc6 bxc6 15. Bd2 Bf6 16. Qe4 Rfe8 1-0

[Event "7. Arber-Senioren-Cup 2019"]
[Site "Bodenmais"]
[Date "2019.07.27"]
[Round "1.20"]
[White "Voeller, Lothar"]
[Black "Neubauer, Jaroslaus"]
[Result "0-1"]
[ECO "A17"]
[WhiteElo "1666"]
[BlackElo "2014"]
[Annotator "NA RC"]
[PlyCount "90"]
[EventDate "2019.07.27"]
[EventType "swiss"]
[EventCountry "GER"]
[SourceTitle "playchess.com"]
[Source "ChessBase"]
[SourceQuality "1"]
[TimeControl "5400+30"]

1. c4 Nf6 2. Nc3 e6 3. Nf3 Bb4 4. e3 O-O 5. Be2 b6 6. O-O Bb7 7. d4 d5 8. a3 Bxc3 9. bxc3 dxc4 10. Bxc4 Nbd7 11. Be2 Re8 12. h3 e5 13. Qb3 e4 14. Bc4 exf3 15. Bxf7+ Kh8 16. Bxe8 Qxe8 17. g4 Qe4 18. Qb1 Qe6 19. Qf5 Qxf5 20. gxf5 Be4 21. Kh2 Bxf5 22. Rg1 Ne4 23. Rg3 Nxg3 24. Kxg3 Be4 25. Bb2 Rf8 26. Rg1 Rf5 27. Kh2 Rb5 28. Bc1 Nf6 29. c4 Rh5 30. c5 b5 31. Bb2 c6 32. Kg3 Rg5+ 33. Kh2 Rg2+ 34. Rxg2 fxg2 35. Bc1 g5 36. Bd2 h5 37. f4 g4 38. hxg4 Nxg4+ 39. Kg1 h4 40. Be1 h3 41. Bg3 a5 42. f5 h2+ 43. Bxh2 Nxh2 44. Kxh2 b4 45. axb4 axb4 0-1

[Event "7. Arber-Senioren-Cup 2019"]
[Site "Bodenmais"]
[Date "2019.07.27"]
[Round "1.21"]
[White "Steiger, Michael"]
[Black "Riess, Michael"]
[Result "1-0"]
[ECO "A38"]
[WhiteElo "2016"]
[BlackElo "1686"]
[Annotator "NA RC"]
[PlyCount "55"]
[EventDate "2019.07.27"]
[EventType "swiss"]
[EventCountry "GER"]
[SourceTitle "playchess.com"]
[Source "ChessBase"]
[SourceQuality "1"]
[TimeControl "5400+30"]

1. c4 c5 2. Nc3 Nf6 3. g3 g6 4. Bg2 Bg7 5. Nf3 Nc6 6. d4 cxd4 7. Nxd4 Nxd4 8. Qxd4 O-O 9. O-O d6 10. Qd3 a6 11. Rd1 Qc7 12. Bg5 h6 13. Bxf6 Bxf6 14. Nd5 Qd8 15. Nxf6+ exf6 16. Qxd6 Qxd6 17. Rxd6 Kh8 18. Rad1 Be6 19. b3 Rab8 20. Bd5 Rfe8 21. Bxe6 Rxe6 22. Rxe6 fxe6 23. Rd7 Kg8 24. Kg2 h5 25. Kf3 b5 26. c5 a5 27. c6 Rc8 28. c7 1-0

[Event "7. Arber-Senioren-Cup 2019"]
[Site "Bodenmais"]
[Date "2019.07.27"]
[Round "1.22"]
[White "Yon, Gregory"]
[Black "Gerl, Hans"]
[Result "0-1"]
[ECO "A45"]
[WhiteElo "1658"]
[BlackElo "1955"]
[Annotator "NA RC"]
[PlyCount "94"]
[EventDate "2019.07.27"]
[EventType "swiss"]
[EventCountry "GER"]
[SourceTitle "playchess.com"]
[Source "ChessBase"]
[SourceQuality "1"]
[TimeControl "5400+30"]

1. d4 Nf6 2. Bf4 d6 3. Nf3 g6 4. Nc3 Nbd7 5. Qd2 h6 6. e4 Bg7 7. Be2 b6 8. O-O-O Bb7 9. e5 Ne4 10. Nxe4 Bxe4 11. exd6 cxd6 12. Bd3 Bxd3 13. Qxd3 O-O 14. h4 Nf6 15. h5 gxh5 16. Qd2 Kh7 17. Nh4 e6 18. f3 Nd5 19. g4 Nxf4 20. Qxf4 Qg5 21. Ng2 Qxf4+ 22. Nxf4 hxg4 23. fxg4 Bf6 24. Nh3 Rg8 25. Rdf1 Kg7 26. Rf4 Bg5 27. Nxg5 hxg5 28. Rf3 Rh8 29. Rhf1 Raf8 30. b4 Rh4 31. Rg1 Kg6 32. Ra3 Ra8 33. Rc3 f5 34. Rc6 Rd8 35. Re1 Kf6 36. gxf5 exf5 37. d5 f4 38. Re6+ Kf5 39. Rc7 Rf8 40. Rxa7 f3 41. Ra3 f2 42. Rf3+ Rf4 43. Rxf2 Rxf2 44. Rxd6 Rc8 45. Rxb6 Rcxc2+ 46. Kb1 Rcd2 47. Rc6 Rf1+ 0-1

[Event "7. Arber-Senioren-Cup 2019"]
[Site "Bodenmais"]
[Date "2019.07.27"]
[Round "1.23"]
[White "Steinbach, Peter"]
[Black "Cordts, Elof"]
[Result "1/2-1/2"]
[ECO "A45"]
[WhiteElo "1958"]
[BlackElo "1710"]
[Annotator "NA RC"]
[PlyCount "58"]
[EventDate "2019.07.27"]
[EventType "swiss"]
[EventCountry "GER"]
[SourceTitle "playchess.com"]
[Source "ChessBase"]
[SourceQuality "1"]
[TimeControl "5400+30"]

1. d4 Nf6 2. Bg5 e6 3. e4 Be7 4. Nd2 c5 5. dxc5 Qa5 6. e5 Nd5 7. Bxe7 Nxe7 8. Qg4 O-O 9. b4 Qc7 10. f4 Ng6 11. Ngf3 Nc6 12. c3 Nce7 13. Bd3 f5 14. Qg5 b6 15. h4 h6 16. Qg3 bxc5 17. h5 Nh8 18. b5 Bb7 19. Nc4 Nd5 20. Kd2 a6 21. a4 axb5 22. axb5 Rxa1 23. Rxa1 Ra8 24. Rxa8+ Bxa8 25. Nd6 Qa5 26. Ne8 Qxc3+ 27. Ke2 Qb2+ 28. Nd2 Nc3+ 29. Ke3 Nd5+ 1/2-1/2

[Event "7. Arber-Senioren-Cup 2019"]
[Site "Bodenmais"]
[Date "2019.07.27"]
[Round "1.24"]
[White "Auterhoff, Juergen"]
[Black "Schwalb, Manfred"]
[Result "1/2-1/2"]
[ECO "C50"]
[WhiteElo "1673"]
[BlackElo "1965"]
[Annotator "NA RC"]
[PlyCount "84"]
[EventDate "2019.07.27"]
[EventType "swiss"]
[EventCountry "GER"]
[SourceTitle "playchess.com"]
[Source "ChessBase"]
[SourceQuality "1"]
[TimeControl "5400+30"]

1. e4 e5 2. Bc4 Nc6 3. Nf3 g6 4. d3 Bg7 5. a3 Nf6 6. Nc3 d6 7. h3 O-O 8. O-O Nh5 9. Bg5 Qd7 10. Nd5 h6 11. Be3 Ne7 12. Nh4 Nxd5 13. Bxd5 Kh7 14. Qf3 c6 15. Bb3 Qe7 16. Nf5 gxf5 17. Qxh5 f4 18. Bd2 Be6 19. Bxe6 fxe6 20. Bc3 c5 21. Rae1 Bf6 22. Kh2 Rg8 23. Rg1 Rg5 24. Qf3 Rag8 25. g3 Qg7 26. Rg2 fxg3+ 27. Rxg3 Rxg3 28. Qxg3 Bg5 29. Kh1 Qf6 30. Rg1 Rf8 31. Be1 b5 32. b3 d5 33. Rg2 Bc1 34. a4 a6 35. Bc3 Bf4 36. Qg4 Qf7 37. axb5 axb5 38. f3 d4 39. Be1 Bg5 40. h4 Bf4 41. h5 Bg5 42. Rg3 b4 1/2-1/2

[Event "7. Arber-Senioren-Cup 2019"]
[Site "Bodenmais"]
[Date "2019.07.27"]
[Round "1.25"]
[White "Fleuch, Hans-Juergen"]
[Black "Gross-Winter, Guenter"]
[Result "1-0"]
[ECO "B06"]
[WhiteElo "1951"]
[BlackElo "1664"]
[Annotator "NA RC"]
[PlyCount "45"]
[EventDate "2019.07.27"]
[EventType "swiss"]
[EventCountry "GER"]
[SourceTitle "playchess.com"]
[Source "ChessBase"]
[SourceQuality "1"]
[TimeControl "5400+30"]

1. e4 g6 2. d4 Bg7 3. Nc3 d6 4. Nf3 Bg4 5. Be2 e6 6. h3 Bxf3 7. Bxf3 Ne7 8. Be3 c6 9. Qd2 h5 10. h4 Nd7 11. Be2 b5 12. a3 Nb6 13. b3 d5 14. f3 Nd7 15. Rd1 Qa5 16. O-O O-O-O 17. Nxd5 Qxa3 18. Ra1 Qd6 19. Nxe7+ Qxe7 20. Rxa7 Qd6 21. c3 Nc5 22. Rd1 Qb8 23. Qa2 1-0

[Event "7. Arber-Senioren-Cup 2019"]
[Site "Bodenmais"]
[Date "2019.07.27"]
[Round "1.26"]
[White "Kurze, Volker"]
[Black "Halli, Gerhard"]
[Result "0-1"]
[ECO "B01"]
[WhiteElo "1658"]
[BlackElo "1955"]
[Annotator "NA RC"]
[PlyCount "87"]
[EventDate "2019.07.27"]
[EventType "swiss"]
[EventCountry "GER"]
[SourceTitle "playchess.com"]
[Source "ChessBase"]
[SourceQuality "1"]
[TimeControl "5400+30"]

1. e4 d5 2. exd5 Qxd5 3. Nc3 Qa5 4. d4 c6 5. Bc4 Nf6 6. Nf3 Bf5 7. Ne5 e6 8. g4 Be4 9. O-O Bd5 10. Bd3 Nbd7 11. f4 Bb4 12. Nxd7 Nxd7 13. Nxd5 Qxd5 14. c3 Be7 15. Qf3 Qxf3 16. Rxf3 O-O-O 17. b4 h5 18. g5 g6 19. h4 Nb6 20. a4 Rhe8 21. Bd2 Bf8 22. a5 Nd5 23. Be4 Ne7 24. Re1 Nf5 25. Bxf5 exf5 26. Rfe3 Rxe3 27. Rxe3 Bd6 28. Re1 c5 29. bxc5 Bxc5 30. Be3 Ba3 31. Bd2 Rd5 32. Re5 Rd8 33. Kf2 Bd6 34. Re1 Kd7 35. d5 b5 36. Be3 a6 37. Kf3 Rc8 38. Bd4 Rc4 39. Be5 Bxe5 40. fxe5 Rxh4 41. Rc1 Re4 42. c4 Rxc4 43. Rxc4 bxc4 44. Ke3 0-1

[Event "7. Arber-Senioren-Cup 2019"]
[Site "Bodenmais"]
[Date "2019.07.27"]
[Round "1.27"]
[White "Schmidt, Matthias"]
[Black "Redeker, Frank"]
[Result "1-0"]
[ECO "E09"]
[WhiteElo "2020"]
[BlackElo "1677"]
[Annotator "NA RC"]
[PlyCount "67"]
[EventDate "2019.07.27"]
[EventType "swiss"]
[EventCountry "GER"]
[SourceTitle "playchess.com"]
[Source "ChessBase"]
[SourceQuality "1"]
[TimeControl "5400+30"]

1. d4 d5 2. Nf3 Nf6 3. g3 e6 4. Bg2 Be7 5. O-O O-O 6. c4 c6 7. Qc2 Nbd7 8. Nbd2 b5 9. c5 Qc7 10. b4 a5 11. bxa5 Rxa5 12. Nb3 Ra4 13. Bf4 Qd8 14. Ne5 Bb7 15. Rfc1 Nh5 16. Bf3 Nxf4 17. gxf4 f5 18. Kh1 Rf6 19. Rg1 Rh6 20. Rg2 Bf8 21. e3 Nxe5 22. fxe5 Qh4 23. Nd2 Kh8 24. Be2 Ra8 25. Nf3 Qe7 26. Ng5 Rg6 27. Rag1 h6 28. Nf7+ Qxf7 29. Rxg6 Be7 30. Bh5 Rg8 31. Rxh6+ gxh6 32. Bxf7 Rxg1+ 33. Kxg1 Bc8 34. a4 1-0

[Event "7. Arber-Senioren-Cup 2019"]
[Site "Bodenmais"]
[Date "2019.07.28"]
[Round "2.7"]
[White "Herbold, Manfred"]
[Black "Mahnke, Ralf"]
[Result "1-0"]
[ECO "C23"]
[WhiteElo "2081"]
[BlackElo "1925"]
[Annotator "NA RC"]
[PlyCount "67"]
[EventDate "2019.07.27"]
[EventType "swiss"]
[EventCountry "GER"]
[SourceTitle "playchess.com"]
[Source "ChessBase"]
[SourceQuality "1"]
[TimeControl "5400+30"]

1. e4 e5 2. Bc4 Nc6 3. f4 Nf6 4. Nc3 Bc5 5. Nf3 d6 6. Na4 Bb6 7. Nxb6 axb6 8. d3 O-O 9. fxe5 Nxe5 10. Nxe5 dxe5 11. Bg5 Qd6 12. O-O Ng4 13. Qd2 h6 14. Be3 Nxe3 15. Qxe3 Be6 16. Bxe6 Qxe6 17. a3 Qd6 18. Rf5 f6 19. Raf1 Qc5 20. Qf2 Qxf2+ 21. Kxf2 Rfd8 22. Ke3 c5 23. g4 Rd7 24. h4 Re8 25. g5 hxg5 26. hxg5 fxg5 27. Rxg5 Rf7 28. Rff5 Rxf5 29. exf5 b5 30. f6 Kf7 31. fxg7 c4 32. Ke4 cxd3 33. cxd3 Kg8 34. Rxe5 1-0